 Dungeon Crawl Stone Soup version 0.31-a0-23-gcbde74481b (webtiles) character file.

Game seed: 12693794174979522802

2 BlueFish the Sneak (level 1, -2/19 HPs)
             Began as a Draconian Delver on May 14, 2023.
             Killed from afar by a white imp (9 damage)
             ... with a puff of frost
             ... on level 5 of the Dungeon.
             The game lasted 00:00:18 (30 turns).

BlueFish the Sneak (Draconian Delver)                 Turns: 30, Time: 00:00:19

Health: -2/19      AC:  4    Str: 14    XL:     1   Next: 33%
Magic:  1/1        EV: 12    Int: 10    God:
Gold:   11         SH:  0    Dex: 12    Spells: 0/0 levels left

rFire   . . .        a - +0 short sword
rCold   . . .        (no shield)
rNeg    . . .        (body armour unavailable)
rPois   .            (helmet restricted)
rElec   .            (no cloak)
rCorr   .            (no gloves)
SInv    .            (no boots)
Will    .....        (no amulet)
Stlth   +++          (no ring)
HPRegen 0.23/turn    (no ring)
MPRegen 0.07/turn

%: no passive effects
@: no status effects
A: AC +4, unfitting armour, cold-blooded
a: no special abilities


You were on level 5 of the Dungeon.
You visited 1 branch of the dungeon, and saw 1 of its levels.

You collected 11 gold pieces.

Inventory:

Hand Weapons
 a - a +0 short sword (weapon)
Wands
 f - a wand of digging (3)
Scrolls
 b - a scroll of fog
 c - a scroll of magic mapping
 d - a scroll of fear
Potions
 e - a potion of haste


   Skills:
 + Level 3.3 Fighting
 + Level 2.0 Short Blades
 + Level 1.8 Dodging
 + Level 4.5 Stealth
 + Level 0.1 Evocations


You couldn't memorise any spells.
You didn't know any spells.
Your spell library was empty.

Dungeon Overview and Level Annotations

Branches:
Dungeon (5/15)
 Temple: D:4-7

Altars:


Innate Abilities, Weirdness & Mutations

Your plain brown scales are hard. (AC +4)
You cannot fit into any form of body armour.
You are cold-blooded and may be slowed by cold attacks.


Message History

The dart slug launches a dart at you.
The slug dart hits you but does no damage.
You hit the dart slug but do no damage.
The dart slug is lightly wounded.
The dart slug barely misses you.
You hit the dart slug.
The dart slug is heavily wounded.
You hit the dart slug.
The dart slug is severely wounded.
The dart slug bites you but does no damage.
You hit the dart slug but do no damage.
The dart slug is severely wounded.
You hit the dart slug but do no damage.
The dart slug is severely wounded.
The dart slug bites you but does no damage.
The white imp gestures at you. The puff of frost hits you.
You hit the dart slug.
The dart slug is almost dead.
The white imp hits you but does no damage.
The dart slug launches a dart at you.
The slug dart hits you but does no damage.
You hit the dart slug.
You kill the dart slug!
The white imp closely misses you.
You hit the white imp but do no damage. The white imp gestures at you.
The puff of frost hits you.
You hit the white imp but do no damage.
Your tail-slap misses the white imp.
You hit the white imp.
Your tail-slap misses the white imp.
The white imp is lightly wounded.
The white imp closely misses you.
You closely miss the white imp.
The white imp is lightly wounded.
The white imp hits you but does no damage.
You closely miss the white imp.
The white imp is lightly wounded.
The white imp gestures at you. The puff of frost hits you!
You die...

########### ##
##.........##..
#..............
#..............
#.........?.... ...
#......@...# ....#
#......5..)# ...#
#..........# ...#
##.).##.##.# +#...#+
###+##.##.####.....###
#...$........5.........
#................⌠[....
#...................S..
##....####..###.....##


You could see a white imp.

Vanquished Creatures
  A dart slug (D:5)
1 creature vanquished.

Notes
Turn   | Place    | Note
-------+----------+-------------------------------------------
     0 | D:5      | BlueFish the Draconian Delver began the quest for the Orb.
     0 | D:5      | Reached XP level 1. HP: 19/19 MP: 1/1
    30 | D:5      | Killed from afar by a white imp

Illustrated notes

Levels and vault maps discovered:
D:5:      layout_gridville, grunt_ministairs_6, uniq_crazy_yiuf_cottage,
          uniq_menkaure, uniq_pikel

Action                     || total
---------------------------++-------
  Melee: Short sword       ||    14
 Armour: Skin              ||     7
  Dodge: Dodged            ||     5

Table legend: (Time is in decaauts)
 A = Elapsed time spent in this place.
 B = Non-inter-level travel time spent in this place.
 C = Inter-level travel time spent in this place.
 D = Time resting spent in this place.
 E = Time spent auto-exploring this place.
 F = Levels seen in this place.
 G = Mean time per level.
                   A        B        C        D        E       F      G
               +--------+--------+--------+--------+--------+-----+--------+
         Total |     28 |     28 |      0 |      0 |      0 |   1 |   28.0 |
       Dungeon |     28 |     28 |      0 |      0 |      0 |   1 |   28.0 |
               +--------+--------+--------+--------+--------+-----+--------+

Top non-repeatable levels by time:
     D:5: 28 daAuts
